 Dungeon Crawl Stone Soup version 0.30-a0-142-g7370640ec8 (webtiles) character file.

Game seed: 6144498732357322905

1777 qw the Cleaver (level 9, -7/55 HPs)
             Began as a Gargoyle Fighter on Sept 25, 2022.
             Mangled by a two-headed ogre
             ... wielding a +0 giant club
              (12 damage)
             ... on level 9 of the Dungeon.
             The game lasted 00:02:10 (6841 turns).

qw the Cleaver (Gargoyle Fighter)                   Turns: 6841, Time: 00:02:10

Health: -7/55      AC: 18    Str: 30    XL:     9   Next: 8%
Magic:  9/9        EV:  9    Int: 15    God:
Gold:   252        SH:  9    Dex:  9    Spells: 8/8 levels left

rFire   . . .      SeeInvis .    Y - +4 war axe (drain)
rCold   + . .      Faith    .    r - +0 kite shield
rNeg    + . .      Spirit   .    b - +0 scale mail
rPois   inf        Reflect  .    m - +0 helmet
rElec   +          Harm     .    c - +2 cloak
rCorr   .          Rampage  .    (no gloves)
Will    .....                    l - +0 pair of boots
Stlth   ..........               (no amulet)
HPRegen 0.18/turn                f - ring of protection from cold
MPRegen 0.11/turn                a - ring of Toelam {+Blink Str+6 Int+6}

@: no status effects
A: sickness immunity, AC +6, negative energy resistance 1, electricity
resistance, torment resistance 1, petrification resistance
a: Evoke Blink


You were on level 9 of the Dungeon.
You visited 1 branch of the dungeon, and saw 8 of its levels.

You collected 310 gold pieces.
You spent 58 gold pieces at shops.


Innate Abilities, Weirdness & Mutations

You are immune to sickness and miasma.
Your stone body is resilient. (AC +6)
You are immune to poison.
You resist negative energy. (rN+)
You are resistant to electric shocks. (rElec)
You are resistant to unholy torment.
You are immune to petrification.


   Skills:
 + Level 5.8 Fighting
 - Level 8.1 Axes
 - Level 3.2 Armour
 - Level 1.2 Dodging
 - Level 7.0 Shields


You had 8 spell levels left.
You didn't know any spells.
Your spell library was empty.

Inventory:

Hand Weapons
 p - a +0 morningstar
 Y - a +4 war axe of draining (weapon)
Armour
 b - a +0 scale mail (worn)
 c - a +2 cloak (worn)
 l - a +0 pair of boots (worn)
 m - a +0 helmet (worn)
 r - a +0 kite shield (worn)
Jewellery
 a - the ring of Toelam (right hand) {+Blink Str+6 Int+6}
   (You acquired it on level 3 of the Dungeon)

   [ring of intelligence]

   Str:       It affects your strength (+6).
   Int:       It affects your intelligence (+6).
   +Blink:    It lets you blink.
 f - a ring of protection from cold (left hand)
Scrolls
 k - a scroll of identify
Potions
 d - a potion of might
 e - a potion of lignification {unknown}
 g - a potion of curing {unknown}
 h - a potion of haste {unknown}
 i - 2 potions of heal wounds
 j - a potion of ambrosia {unknown}
 n - a potion of flight {unknown}
 o - a potion of resistance {unknown}
 q - a potion of magic {unknown}

Dungeon Overview and Level Annotations

Branches:
Dungeon (7/15)             Temple (0/1) D:6

Altars:
Fedhas
Gozag
Sif Muna
Zin

Shops:
D:2 [   D:3 *

Annotations:
D:3 1 runed translucent door, qw's ghost, amateur GrFi


Message History

The orc wizard shouts!
You slash the vampire mosquito!
The vampire mosquito is severely damaged.
You hit the vampire mosquito but do no damage.
You hear a shout!
You block the vampire mosquito's attack.
The vampire mosquito closely misses you.
The gnoll hits you but does no damage.
A gnoll comes into view. It is wielding a +0 spear.
The vampire mosquito bites you but does no damage.
You block the vampire mosquito's attack.
The vampire mosquito bites you but does no damage. x2
You closely miss the vampire mosquito.
The vampire mosquito is severely damaged.
You closely miss the vampire mosquito.
You block the vampire mosquito's attack.
The vampire mosquito barely misses you.
The vampire mosquito bites you but does no damage.
You block the vampire mosquito's attack.
You slash the vampire mosquito!
You destroy the vampire mosquito!
You hit the vampire mosquito.
The vampire mosquito bites you but does no damage.
The vampire mosquito bites you.
A gnoll comes into view. It is wielding a +0 spear.
You have reached level 9!
Your experience leads to an increase in your attributes!
Your base attributes are Str 22, Int 9, Dex 9.
Increase (S)trength, (I)ntelligence, or (D)exterity?
You feel stronger. x2
You closely miss the vampire mosquito.
The vampire mosquito is lightly damaged.
You hit the two-headed ogre. The vampire mosquito barely misses you.
The vampire mosquito bites you but does no damage.
The gnoll hits you from afar with a +0 spear.
A gnoll comes into view.
It is wielding a +0 spear and carrying a wand of paralysis (8).
The two-headed ogre hits you with a +0 giant club!!
The two-headed ogre hits you with a +0 giant club!
You die... # . .## .g ..# .go #.# ggT #.# #og #.# #!gQ#y# #oggO@#

#)gT###
#.g ...
... ..
.


You could see a tengu warrior, a two-headed ogre, 2 trolls, a vampire mosquito,
3 gnoll sergeants, an orc priest, an orc wizard, 7 gnolls and an orc.

Vanquished Creatures
  A wraith (D:6)
  2 vampire mosquitoes (D:9)
  An ice beast (D:7)
  A black bear (D:5)
  2 ogres
  2 bullfrogs
  A scorpion (D:6)
  A howler monkey (D:5)
  4 jellies
  An orc priest (D:3)
  A hound (D:6)
  2 iguanas
  Natasha (thrice) (D:2)
  Terence (D:2)
  A gnoll bouda (D:5)
  6 orc wizards
  Robin (D:2)
  8 adders
  5 gnolls (D:5)
  A shadow imp (D:5)
  3 ufetubi
  2 worms (D:2)
  6 dart slugs
  17 orcs
  7 ball pythons
  7 endoplasms
  2 giant cockroaches
  5 hobgoblins
  3 jackals (D:1)
  7 kobolds
  5 quokkas
  5 bats
  4 frilled lizards
  13 goblins
  4 rats
135 creatures vanquished.

Vanquished Creatures (others)
  2 withered plants (D:3)
2 creatures vanquished.

Grand Total: 137 creatures vanquished

Notes
Turn   | Place    | Note
-------+----------+-------------------------------------------
     0 | D:1      | qw the Gargoyle Fighter began the quest for the Orb.
     0 | D:1      | Reached XP level 1. HP: 14/14 MP: 1/1
     0 | D:1      | 0 ||| qw: Version: 0.2-a-10-g399e6c4
     0 | D:1      | 0 ||| qw: Game counter: 395
     0 | D:1      | 0 ||| qw: Always use a shield: true
     0 | D:1      | 0 ||| qw: God list: Okawaru
     0 | D:1      | 0 ||| qw: Allow faded altars: false
     0 | D:1      | 0 ||| qw: Do Orc after D:15 true
     0 | D:1      | 0 ||| qw: Do second Lair branch before Depths: true
     0 | D:1      | 0 ||| qw: Lair rune preference: random
     0 | D:1      | 0 ||| qw: Plans: Normal, Zot:1-4, God:TSO, Crypt, Tomb,
                  | Pan, Slime:5, Hells, Abyss, Orb
     0 | D:1      | 0 ||| PLANNING D:1-11
    41 | D:1      | 41 ||| Stepping ~*~*~tactically~*~*~ (stealth).
    52 | D:1      | Reached skill level 2 in Axes
   328 | D:1      | Reached XP level 2. HP: 18/19 MP: 2/2
   738 | D:1      | 738 ||| Stepping ~*~*~tactically~*~*~ (stealth).
   742 | D:1      | 742 ||| Stepping ~*~*~tactically~*~*~ (stealth).
   747 | D:1      | Reached skill level 3 in Axes
   755 | D:1      | Reached XP level 3. HP: 17/23 MP: 3/3
   765 | D:1      | 765 ||| Stepping ~*~*~tactically~*~*~ (stealth).
   925 | D:1      | 925 ||| DROPPING +0 club.
  1134 | D:1      | 1134 ||| UPGRADING to ring of protection from cold.
  1135 | D:1      | 1135 ||| READING scroll labelled KOF CIULUAGOE.
  1136 | D:1      | 1136 ||| READING scroll labelled DAAMUB RENO.
  1137 | D:1      | 1137 ||| READING scroll labelled HUYTIR LEOLOL.
  1299 | D:2      | Noticed Natasha
  1300 | D:2      | 1300 ||| Stepping ~*~*~tactically~*~*~ (hiding).
  1301 | D:2      | 1301 ||| Stepping ~*~*~tactically~*~*~ (hiding).
  1302 | D:2      | 1302 ||| Stepping ~*~*~tactically~*~*~ (hiding).
  1303 | D:2      | 1303 ||| Stepping ~*~*~tactically~*~*~ (hiding).
  1312 | D:2      | Killed Natasha
  1313 | D:2      | Reached XP level 4. HP: 9/28 MP: 4/4
  1559 | D:2      | Noticed Natasha
  1560 | D:2      | 1560 ||| Stepping ~*~*~tactically~*~*~ (stealth).
  1561 | D:2      | 1561 ||| Stepping ~*~*~tactically~*~*~ (stealth).
  1565 | D:2      | 1565 ||| Stepping ~*~*~tactically~*~*~ (stealth).
  1577 | D:2      | 1577 ||| Stepping ~*~*~tactically~*~*~ (hiding).
  1578 | D:2      | 1578 ||| Stepping ~*~*~tactically~*~*~ (hiding).
  1588 | D:2      | Killed Natasha
  1589 | D:2      | Reached skill level 4 in Axes
  1843 | D:2      | Noticed Terence
  1851 | D:2      | Killed Terence
  1852 | D:2      | Reached XP level 5. HP: 32/32 MP: 5/5
  2004 | D:2      | Found a faded altar of an unknown god.
  2096 | D:2      | Noticed Natasha
  2097 | D:2      | 2097 ||| Stepping ~*~*~tactically~*~*~ (stealth).
  2107 | D:2      | Killed Natasha
  2317 | D:2      | Found Qed Ria's Armour Emporium.
  2323 | D:2      | 2323 ||| BUYING +0 pair of boots (58 gold).
  2323 | D:2      | Bought a +0 pair of boots for 58 gold pieces
  2323 | D:2      | 2323 ||| SHOPLISTING +1 hat of intelligence (208 gold, have
                  | 3).
  2323 | D:2      | 2323 ||| SHOPLISTING +2 plate armour of cold resistance
                  | (520 gold, have 3).
  2323 | D:2      | 2323 ||| SHOPLISTING +2 storm dragon scales (1196 gold,
                  | have 3).
  2323 | D:2      | 2323 ||| SHOPLISTING +3 ring mail of fire resistance (338
                  | gold, have 3).
  2356 | D:2      | Noticed Robin
  2357 | D:2      | 2357 ||| Stepping ~*~*~tactically~*~*~ (hiding).
  2363 | D:2      | Reached skill level 5 in Axes
  2370 | D:2      | Killed Robin
  2595 | D:2      | 2595 ||| UPGRADING to +0 pair of boots.
  2600 | D:2      | 2600 ||| UPGRADING to +0 helmet.
  2605 | D:2      | 2605 ||| READING scroll labelled WOIREA MYR SAA.
  2606 | D:2      | 2606 ||| READING scroll labelled KOEMAS OTHAIPN.
  2714 | D:3      | 2714 ||| STAIRDANCE
  2795 | D:3      | 2795 ||| Stepping ~*~*~tactically~*~*~ (stealth).
  2965 | D:3      | Found Zin's Purification Station.
  2965 | D:3      | Found a glowing silver altar of Zin.
  2973 | D:3      | 2973 ||| SHOPLISTING 2 potions of curing (180 gold, have
                  | 58).
  2982 | D:3      | HP: 5/33 [orc/+0 flail (8)]
  2983 | D:3      | 2983 ||| DRINKING potion of heal wounds.
  2985 | D:3      | Reached skill level 1 in Dodging
  2985 | D:3      | Reached XP level 6. HP: 25/38 MP: 6/6
  3181 | D:3      | 3181 ||| DROPPING +0 whip.
  3369 | D:3      | Noticed qw's ghost (amateur GrFi)
  3370 | D:3      | Found a runed translucent door.
  3528 | D:3      | Found a blossoming altar of Fedhas.
  3611 | D:3      | 3611 ||| READING scroll labelled XOTUWIPOFI.
  3611 | D:3      | Identified a scroll of acquirement
  3611 | D:3      | 3611 ||| ACQUIRING ring of Toelam {+Blink Str+6 Int+6}
  3611 | D:3      | Acquired the ring of Toelam {+Blink Str+6 Int+6}
  3613 | D:3      | 3613 ||| UPGRADING to ring of Toelam {+Blink Str+6 Int+6}.
  3614 | D:3      | 3614 ||| READING scroll labelled DAYLYI UDONU.
  3656 | D:4      | HP: 6/38 [ogre/+0 giant spiked club (16)]
  3706 | D:4      | 3706 ||| FLEEEEING.
  3711 | D:4      | 3711 ||| STAIRDANCE
  4185 | D:4      | 4185 ||| Stepping ~*~*~tactically~*~*~ (stealth).
  4187 | D:4      | 4187 ||| Stepping ~*~*~tactically~*~*~ (hiding).
  4196 | D:4      | 4196 ||| Stepping ~*~*~tactically~*~*~ (stealth).
  4198 | D:4      | 4198 ||| Stepping ~*~*~tactically~*~*~ (stealth).
  4200 | D:4      | 4200 ||| Stepping ~*~*~tactically~*~*~ (stealth).
  4208 | D:4      | Reached skill level 6 in Axes
  4208 | D:4      | Reached XP level 7. HP: 33/43 MP: 7/7
  4208 | D:4      | 4208 ||| Stepping ~*~*~tactically~*~*~ (stealth).
  4209 | D:4      | 4209 ||| FLEEEEING.
  4210 | D:4      | 4210 ||| Stepping ~*~*~tactically~*~*~ (stealth).
  4211 | D:4      | 4211 ||| Stepping ~*~*~tactically~*~*~ (stealth).
  4214 | D:4      | 4214 ||| Stepping ~*~*~tactically~*~*~ (stealth).
  4216 | D:4      | 4216 ||| Stepping ~*~*~tactically~*~*~ (stealth).
  4220 | D:4      | 4220 ||| Stepping ~*~*~tactically~*~*~ (stealth).
  4269 | D:4      | 4269 ||| Stepping ~*~*~tactically~*~*~ (stealth).
  4298 | D:4      | 4298 ||| Stepping ~*~*~tactically~*~*~ (stealth).
  4303 | D:4      | 4303 ||| Stepping ~*~*~tactically~*~*~ (stealth).
  4397 | D:4      | 4397 ||| FLEEEEING.
  4398 | D:4      | 4398 ||| FLEEEEING.
  4399 | D:4      | 4399 ||| FLEEEEING.
  4403 | D:4      | 4403 ||| FLEEEEING.
  4404 | D:4      | 4404 ||| FLEEEEING.
  4405 | D:4      | 4405 ||| FLEEEEING.
  4406 | D:4      | 4406 ||| FLEEEEING.
  4410 | D:4      | 4410 ||| FLEEEEING.
  4411 | D:4      | 4411 ||| FLEEEEING.
  4844 | D:4      | Found a shimmering blue altar of Sif Muna.
  4996 | D:4      | 4996 ||| UPGRADING to +0 kite shield.
  5006 | D:4      | 5006 ||| DROPPING +0 buckler.
  5007 | D:4      | 5007 ||| READING scroll labelled QAEDGH NECSOD.
  5008 | D:4      | 5008 ||| READING scroll labelled DEYFON UFEACW.
  5009 | D:4      | 5009 ||| READING scroll labelled PEMIQ UKOTSUGYE.
  5053 | D:5      | Entered Level 5 of the Dungeon
  5140 | D:5      | 5140 ||| Stepping ~*~*~tactically~*~*~ (stealth).
  5147 | D:5      | 5147 ||| Stepping ~*~*~tactically~*~*~ (stealth).
  5148 | D:5      | 5148 ||| Stepping ~*~*~tactically~*~*~ (stealth).
  5330 | D:5      | 5330 ||| DROPPING +0 flail.
  5421 | D:5      | 5421 ||| Stepping ~*~*~tactically~*~*~ (stealth).
  5476 | D:5      | Reached XP level 8. HP: 48/48 MP: 8/8
  5664 | D:5      | 5664 ||| Stepping ~*~*~tactically~*~*~ (hiding).
  5670 | D:5      | 5670 ||| Stepping ~*~*~tactically~*~*~ (stealth).
  5673 | D:5      | Reached skill level 6 in Shields
  5677 | D:5      | 5677 ||| FLEEEEING.
  5678 | D:5      | 5678 ||| FLEEEEING.
  5679 | D:5      | 5679 ||| FLEEEEING.
  5682 | D:5      | 5682 ||| STAIRDANCE
  5712 | D:4      | 5712 ||| UPGRADING to +2 cloak.
  5717 | D:4      | 5717 ||| READING scroll labelled POAPTELIGO.
  5727 | D:5      | Reached skill level 7 in Axes
  5796 | D:5      | 5796 ||| DROPPING +2 flail of venom.
  5993 | D:6      | 5993 ||| READING scroll of enchant weapon.
  5993 | D:6      | 5993 ||| ENCHANTING +1 war axe of draining.
  5996 | D:6      | Found a staircase to the Ecumenical Temple.
  6105 | D:6      | Found an opulent altar of Gozag.
  6340 | D:6      | 6340 ||| READING 2 scrolls of enchant weapon.
  6340 | D:6      | 6340 ||| ENCHANTING +2 war axe of draining.
  6341 | D:6      | 6341 ||| READING scroll of enchant weapon.
  6341 | D:6      | 6341 ||| ENCHANTING +3 war axe of draining.
  6380 | D:6      | Noticed a wraith
  6400 | D:6      | Killed a wraith
  6612 | D:6      | 6612 ||| READING scroll labelled GAITOV OF CARRI.
  6613 | D:6      | 6613 ||| READING scroll labelled FEURA IXZE.
  6638 | D:7      | 6638 ||| STAIRDANCE
  6675 | D:7      | 6675 ||| STAIRDANCE
  6827 | D:7      | You fall into a shaft and drop 2 floors!
  6829 | D:9      | Noticed a troll
  6829 | D:9      | Noticed a two-headed ogre
  6833 | D:9      | Noticed a tengu warrior
  6836 | D:9      | Reached skill level 8 in Axes
  6836 | D:9      | Noticed a troll
  6841 | D:9      | Reached XP level 9. HP: 28/55 MP: 9/9
  6841 | D:9      | HP: 5/55 [two-headed ogre/+0 giant club (21)]
  6841 | D:9      | Mangled by a two-headed ogre

Levels and vault maps discovered:
D:1:      minmay_arrival_stone_box, layout_loops_ring
D:2:      layout_loops_cross, serial_shops, shop, ebering_ecumenical_altar_box,
          uniq_terence, uniq_robin, uniq_natasha
D:3:      layout_loops_ring, mainiacjoe_overflow_alcove_4, zin_purify,
          gammafunk_ghost_grave, corexii_corridor_pit
D:4:      layout_basic, lemuel_round_altar
D:5:      layout_loops_ring
D:6:      layout_loops_ring, overflow_temple_1_default,
          minmay_temple_entry_statues, minmay_misc_feat_enclosed
D:7:      layout_basic, nicolae_uskayaw_dance_studio,
          mainiacjoe_overflow_concentric_impassable, serial_co_window_serial,
          co_window_of_opportunity_a, co_window_paths_a, co_window_corner_a,
          co_window_of_opportunity_a, co_window_corner_a, co_window_corner_b,
          co_window_cross_4, co_window_unsneaky_path_a, co_window_broadway_b,
          co_window_corner_b, co_window_corner_b, glass_columns_a,
          item_on_display_a, uniq_crazy_yiuf_cottage
D:9:      layout_irregular_city, grunt_qazlal_clouds, orc_0_dummy,
          grunt_potential, uniq_harold

Skill      XL: |  1  2  3  4  5  6  7  8 |
---------------+-------------------------+-----
Axes           | 2 3 4 5 6 8 |  8.1
Fighting       | 4 5 |  5.8
Dodging        | 1 |  1.2
Shields        | 5 7 |  7.0
Armour         | |  3.2

Action                   |  1- 3 |  4- 6 |  7- 9 || total
-------------------------+-------+-------+-------++-------
Melee: War axe           |   104 |   144 |   146 ||   394
Throw: Boomerang         |       |    14 |    37 ||    51
  Use: Scroll            |     3 |     4 |     9 ||    16
       Potion            |       |     1 |       ||     1
 Stab: Distracted        |       |       |     1 ||     1
Armor: Scale mail        |    56 |    75 |    93 ||   224
Dodge: Dodged            |    42 |    54 |    64 ||   160
Block: Buckler           |    23 |    25 |     9 ||    57
       Kite shield       |       |       |    55 ||    55

Table legend:
 A = Non-vault XP
 B = Vault XP
 C = Vault XP percentage of total XP
 D = Non-vault monster count
 E = Vault monster count
 F = Vault count percentage of total count
                 A         B        C        D         E       F
            +---------+---------+-------+---------+---------+-------
      Total |    2068 |     471 |  18.6 |     120 |      15 |  11.1
            +---------+---------+-------+---------+---------+-------
        D:1 |      54 |       0 |   0.0 |      28 |       0 |   0.0
        D:2 |      95 |     106 |  52.7 |      11 |      13 |  54.2
        D:3 |     132 |       0 |   0.0 |      21 |       0 |   0.0
        D:4 |     469 |       0 |   0.0 |      30 |       0 |   0.0
        D:5 |     542 |       0 |   0.0 |      19 |       0 |   0.0
        D:6 |     544 |       0 |   0.0 |       9 |       0 |   0.0
        D:7 |     232 |       0 |   0.0 |       2 |       0 |   0.0
        D:9 |       0 |     365 | 100.0 |       0 |       2 | 100.0
            +---------+---------+-------+---------+---------+-------
